[Event "Early-Titled-Tuesday-Blitz-May-14-2024"]
[Site "Chess.com"]
[Date "2024.05.14"]
[Round "10"]
[White "MdChess1734"]
[Black "gau248"]
[Result "0-1"]
[WhiteElo "2416"]
[BlackElo "2612"]
[TimeControl "180+1"]
[EndTime "9:59:22 PDT"]
[Termination "gau248 won by resignation"]

1. e4 e5 2. Nf3 Nc6 3. Bb5 a6 4.
Ba4 d6 5. c3 f5 6. d4 fxe4 7. Ng5 Nf6 8. dxe5 Ng4 9. Qd5 Nxe5 10. O-O Be7 11. Nxe4 Nf7 12. Bb3 O-O 13. Ng5 Ne5 14.
Ne6 Bxe6 15. Qxe6 Kh8 16. f4 Ng6 17. Nd2 c6 18. Qh3 Nh6 19. Ne4 d5 20. Ng3 Bc5+ 21. Kh1 Qf6 22. f5 Ne5 23. Nh5 Qd6 24. f6 Kg8 25.
Bxh6 gxh6 26. Rae1 Ng6 27. Qe3 Bxe3 28. Rxe3 Rf7 29. c4 d4 30. c5 Qc7 31. Re4 Kf8 32.
Bxf7 Qxf7 33. Rxd4 Re8 34. h3 Kg8 35. Rfd1 Rf8 36.
Rd7 Qe6 37. Rg7+ Kh8 38. Rdd7 Qe1+ 39. Kh2 Qe5+ 40. Kh1 Rxf6 41. Rxh7+ Kg8 42. Rhg7+ Kh8 43. Rh7+ Kg8 44. Rhg7+ Kf8 45. Nxf6 Qxf6 46. Rxb7 Qxg7 47. Rxg7 Kxg7 48. Kh2 Ne5 49. Kg3 Nd3 50. b3 Nxc5 51. Kf4 Kf6 52. g4 Ne6+ 53. Ke4 Ng5+ 54. Kd4 Nxh3 55.
Kc5 Nf2 56. Kxc6 Nxg4 57. b4 h5 58. a4 h4 59. b5 h3 60. b6 h2 61. b7 h1=Q+ 62.
Kc7 Qh2+ 63. Kc8 Qc2+ 64. Kd8 Qd3+ 65. Kc7 Qc4+ 66. Kd8 Qd5+ 67. Kc7 Qc5+ 68. Kd8 Qb6+ 69. Kc8 Qc6+ 70. Kb8 Qxa4 71. Ka7 Qb5 0-1

[Event "Early-Titled-Tuesday-Blitz-May-14-2024"]
[Site "Chess.com"]
[Date "2024.05.14"]
[Round "10"]
[White "ccccvhhhj"]
[Black "rionelG"]
[Result "1-0"]
[WhiteElo "2454"]
[BlackElo "2291"]
[TimeControl "180+1"]
[EndTime "9:59:23 PDT"]
[Termination "ccccvhhhj won by checkmate"]

1. e4 c5 2. Nf3 d6 3. d4 cxd4 4.
Nxd4 Nf6 5. Nc3 a6 6. Rg1 h6 7. g4 g5 8. Be3 e6 9. f3 Nbd7 10. Qd2 Ne5 11. O-O-O Nfd7 12. Rh1 Ng6 13. Nce2 b5 14.
Ng3 Bb7 15. Nh5 Rc8 16. Kb1 Nb6 17. b3 Nd7 18. Ne2 Qc7 19. Bd4 Nde5 20. Bg2 Nh4 21. Neg3 Nxg2 22. Qxg2 Be7 23. Bb2 a5 24. h3 a4 25. f4 gxf4 26. Nxf4 axb3 27. axb3 Qa5 28.
Qd2 Qxd2 29. Rxd2 O-O 30. Nfh5 Bg5 31. Rxd6 Ng6 32. Nf6+ Kg7 33. Nd7+ Kh7 34. Nxf8+ Rxf8 35. Rd7 Bc8 36. Rc7 Bf4 37. Rc3 b4 38. Rf3 e5 39.
Nf5 Bb7 40. Re1 Rd8 41. h4 Nf8 42. h5 Ne6 43. Rd3 Rb8 44. Rd7 Bc8 45. Rxf7+ Kg8 46. Rf6 Ng5 47. Rg6+ Kf7 48. Rg7+ Kf6 49. Rg6+ Kf7 50. Rxh6 Nf3 51. Rh7+ Kf6 52. Rd1 Kg5 53. Rg7+ Kf6 54. Rg6+ Kf7 55. Rgd6 Be6 56. h6 Rh8 57. Rh1 Ng5 58. Rb6 Nxe4 59. Rb7+ Kf6 60. h7 Ng5 61. Rb6 Rxh7 62. Rxh7 Nxh7 63. Nh6 Bxh6 64. Bc1 Bxc1 65. Kxc1 Ng5 66. Rxb4 Nf3 67. Rb8 Bxg4 68. b4 Be6 69. b5 Nd4 70. b6 Nc6 71. Rf8+ Ke7 72.
Rh8 Kd6 73. b7 Ne7 74. b8=Q+ Kd5 75. Qa8+ Kd4 76. Rh4+ Ke3 77. Qe4+ Kf2 78. Rh2+ Kg1 79. Qg2# 1-0

[Event "Early-Titled-Tuesday-Blitz-May-14-2024"]
[Site "Chess.com"]
[Date "2024.05.14"]
[Round "10"]
[White "savitha1030"]
[Black "BardArtem"]
[Result "1-0"]
[WhiteElo "2570"]
[BlackElo "2760"]
[TimeControl "180+1"]
[EndTime "9:59:24 PDT"]
[Termination "savitha1030 won by checkmate"]

1. e4 e5 2. Nf3 Nc6 3. Bb5 Nge7 4.
c3 d5 5. exd5 Qxd5 6. Qe2 e4 7.
Nd4 a6 8. Bxc6+ Nxc6 9. Nxc6 Qxc6 10. d3 Bf5 11. Nd2 O-O-O 12. dxe4 Re8 13. O-O Bc5 14. Re1 Kb8 15. Qf3 Bg6 16. e5 Qxf3 17. Nxf3 Bh5 18. Nd4 f6 19. Bf4 Kc8 20. exf6 gxf6 21.
Ne6 Bb6 22. h3 Rhg8 23. g4 Bf7 24. Nd4 h5 25. f3 Bd5 26. Kf2 Rxe1 27. Rxe1 hxg4 28.
hxg4 Bxa2 29. Re7 Rd8 30. Be3 Rd7 31. Re8+ Rd8 32. Re7 Bc5 33. Re4 Bd5 34. Rf4 Rf8 35. Rf5 c6 36. Rh5 Bd6 37. b3 Be5 38. c4 Bf7 39. Rh7 Bg6 40. Rg7 Bxd4 41. Bxd4 Bc2 42. b4 Rd8 43. Bxf6 Rd2+ 44. Kg3 b5 45. c5 Bb3 46.
Be5 Rd7 47. Rg8+ Kb7 48. Rb8+ Ka7 49. Rc8 Kb7 50. Re8 a5 51. bxa5 Rd3 52. Rb8+ Ka6 53. Rb6+ Kxa5 54. Rxc6 Bd5 55. Rf6 b4 56. g5 b3 57. g6 Re3 58. Bd4 Rd3 59. Ba1 Rd1 60.
Bc3+ Ka4 61. Kf2 Rc1 62. Be5 Rxc5 63. g7 Rc8 64. Rf8 Rc2+ 65. Kg3 b2 66. Rb8 Bb3 67. Bxb2 Rxb2 68. g8=Q Bxg8 69. Rxb2 Ka3 70. Rb1 Bh7 71. Rb8 Bf5 72. f4 Ka4 73. Kh4 Ka5 74. Kg5 Be4 75. f5 Ka6 76. f6 Ka7 77. Rb2 Bd5 78. Kg6 Ka6 79. f7 Be6 80. f8=Q Bc4 81. Qa3# 1-0

[Event "Early-Titled-Tuesday-Blitz-May-14-2024"]
[Site "Chess.com"]
[Date "2024.05.14"]
[Round "10"]
[White "jraosam"]
[Black "HeroWilczek"]
[Result "0-1"]
[WhiteElo "2095"]
[BlackElo "2544"]
[TimeControl "180+1"]
[EndTime "9:59:27 PDT"]
[Termination "HeroWilczek won by resignation"]

1. e4 d5 2. exd5 Nf6 3. Nf3 Nxd5 4. d4 g6 5. c4 Nf6 6. Nc3 Bg7 7. Be2 O-O 8. O-O b6 9. b3 Bb7 10. Bb2 e6 11. Qc2 c5 12. dxc5 bxc5 13. Rfd1 Qc8 14. Nb5 Be4 15. Qc1 Rd8 16. Rxd8+ Qxd8 17. Qf4 Nbd7 18.
Rd1 a6 19. Nd6 Bc6 20. Nxf7 Kxf7 21. Ng5+ Kg8 22. Qd6 Qf8 23. Qxe6+ Kh8 24. Nf7+ Kg8 25. Ng5+ Kh8 26. Qxc6 Re8 27. Bf3 Ne5 28. Bxe5 Rxe5 29. Qc7 Re7 30. Qd6 h6 31. Ne6 Qf7 32. Nxg7 Kxg7 33.
Qd2 Rd7 34. Qe1 Re7 35. Qf1 g5 36. h3 h5 37. Bd5 Qg6 38. g3 h4 39. Bg2 Nh5 40.
gxh4 gxh4 41. Kh1 Nf4 42. Bf3 Qf5 43. Qg1+ Kh7 44. Qg4 Qf6 45. Rg1 Rg7 46. Qxg7+ Qxg7 47. Rxg7+ Kxg7 48. Bg4 a5 49. Kg1 Kf6 50. Kf1 Ke5 51. Ke1 Kd4 52. Kd2 Nd3 53. f3 Nf4 54. Bc8 Nh5 55.
a3 Nf4 56. Bf5 Nh5 57. f4 Nxf4 58. Bc8 Nh5 59. Ke2 Nf4+ 60. Kf3 Nd3 61. Kg4 Nc1 62.
Kxh4 Nxb3 63. Be6 Nd2 64. Kg5 Ke5 65. Bg8 Ne4+ 66. Kg4 Nf6+ 67. Kg5 Nxg8 68. h4 Nf6 69. h5 Nxh5 70. Kxh5 Kd4 71. Kg4 Kxc4 72. Kf3 Kb3 73. Ke2 c4 0-1

[Event "Early-Titled-Tuesday-Blitz-May-14-2024"]
[Site "Chess.com"]
[Date "2024.05.14"]
[Round "10"]
[White "jumpingknight20"]
[Black "TenisMaster"]
[Result "1-0"]
[WhiteElo "2768"]
[BlackElo "2890"]
[TimeControl "180+1"]
[EndTime "9:59:33 PDT"]
[Termination "jumpingknight20 won on time"]

1. e4 e5 2. Nf3 Nc6 3. Bc4 Bc5 4. c3 Nf6 5. d3 d6 6. O-O a6 7. Bb3 O-O 8. Re1 h6 9. Nbd2 Re8 10. Nf1 Ba7 11. Ng3 Be6 12. Bxe6 Rxe6 13. d4 d5 14. exd5 Qxd5 15. dxe5 Qxd1 16. Rxd1 Ng4 17. Nd4 Rxe5 18. h3 Nf6 19. Nxc6 bxc6 20. Bf4 Rb5 21. b3 Bb6 22. c4 Ra5 23. a4 Rc5 24.
Be3 Re5 25. Bxb6 cxb6 26. Rd6 Rc8 27. Rad1 Kf8 28. Rd8+ Re8 29. Rxc8 Rxc8 30. Nf5 h5 31. Rd6 Ne4 32. Rd7 Nc5 33. Ra7 Nxb3 34. Nd6 Rd8 35. Nxf7 Rd1+ 36. Kh2 a5 37. Ne5 Nc5 38. Nxc6 Nxa4 39.
Rb7 Rd6 40. Ne5 Nc5 41. Rf7+ Kg8 42. Ra7 Re6 43. Ra8+ Kh7 44. Nf3 Re7 45. Rb8 Rb7 46. Ra8 Kg6 47. g4 hxg4 48. hxg4 Kf6 49. Nd4 Ke5 50.
Nb5 Rf7 51. Kg2 g5 52. Re8+ Kf6 53. Rb8 Rb7 54. Rf8+ Ke5 55. Rf5+ Ke6 56. Nd4+ Kd6 57. Nb5+ Ke6 58. Rxg5 a4 59. Rg6+ Ke5 60. Kg3 Ne4+ 61. Kg2 Rf7 62. f3 Nd2 63. Rxb6 Nxf3 64. Ra6 Kf4 65. Rxa4 Kxg4 66. c5+ Kg5 67. Nd6 Rf8 68.
c6 Nh4+ 69. Kg1 Nf3+ 70. Kh1 Rh8+ 71. Kg2 Nh4+ 72. Kf2 Rh7 73. Ra5+ Kf4 74. Rc5 Rc7 75. Nb5 Rc8 76. c7 Nf5 77. Na7 Nd6 78. Rc6 1-0

[Event "Early-Titled-Tuesday-Blitz-May-14-2024"]
[Site "Chess.com"]
[Date "2024.05.14"]
[Round "10"]
[White "Lion-Al-Messi"]
[Black "Makswolf200817"]
[Result "1-0"]
[WhiteElo "2611"]
[BlackElo "2770"]
[TimeControl "180+1"]
[EndTime "9:59:36 PDT"]
[Termination "Lion-Al-Messi won by checkmate"]

1. e4 c5 2. Nf3 d6 3. d4 cxd4 4.
Nxd4 Nf6 5. Nc3 a6 6. h3 e5 7.
Nde2 h5 8. Bg5 Be7 9. g3 b5 10. Bxf6 Bxf6 11. a4 bxa4 12. Bg2 Bb7 13. O-O O-O 14.
Rxa4 Nd7 15. Rb4 Nc5 16. Nd5 a5 17. Rc4 Ba6 18. Rc3 Na4 19. Rb3 Bc4 20. Rb7 Nc5 21. Nxf6+ gxf6 22. Nc3 Bxf1 23. Qxh5 Qc8 24. Nd5 Kg7 25.
Ne7 Nxb7 26. Nxc8 Raxc8 27. Qg4+ Kh8 28. Qh5+ Kg7 29. Bxf1 Nc5 30. Bc4 Rc7 31. b3 Rh8 32. Qg4+ Kf8 33. h4 Nd7 34. Bd5 Nb6 35. c4 Ke7 36. h5 Rcc8 37. Bxf7 Kxf7 38. Qg6+ Ke7 39. Qg7+ Ke6 40. h6 Rcg8 41. Qb7 Nd7 42. h7 Rd8 43.
Qd5+ Ke7 44. Qxa5 Rxh7 45. b4 Rdh8 46. c5 dxc5 47. bxc5 Rc8 48. Qa6 Rhh8 49. c6 Nc5 50.
Qa7+ Kd6 51. Qf7 Ne6 52. Qd7+ Kc5 53. Qd5+ Kb6 54. Qxe6 Rxc6 55. Qb3+ Kc7 56. Qd5 Rd8 57. Qa5+ Kd7 58. Kg2 Rd6 59. Qa7+ Ke6 60. f4 R8d7 61. f5+ Kf7 62. Qa2+ Kg7 63. Qa4 Rd2+ 64. Kf3 R7d3+ 65. Kg4 Rd7 66. Qc6 R2d4 67. Kh5 Rd1 68. Qe6 R1d6 69.
Qc4 Rd8 70. Qc7+ R6d7 71. Qc5 Rb7 72. Kh4 Rd4 73. Qc6 Rbb4 74. Qc7+ Kh6 75. Qf7 Rxe4+ 76. Kh3 Rg4 77. Qxf6+ Kh7 78. Qxe5 Rg7 79. f6 Rf7 80. Qh5+ Kg8 81. Qg5+ Kf8 82. Qc5+ Kg8 83. Qxb4 Rxf6 84. g4 Kg7 85. Qe7+ Kg6 86. Qe4+ Kg7 87. Kg3 Rf7 88.
Qe5+ Kg6 89. Qe6+ Kg7 90. g5 Rf1 91. Qh6+ Kg8 92. Qg6+ Kf8 93. Qh7 Rg1+ 94. Kf4 Rf1+ 95. Kg4 Rg1+ 96. Kf5 Rf1+ 97. Kg6 Rf6+ 98. Kxf6 Ke8 99.
Qe7# 1-0

[Event "Early-Titled-Tuesday-Blitz-May-14-2024"]
[Site "Chess.com"]
[Date "2024.05.14"]
[Round "10"]
[White "sokidze"]
[Black "karinachess1"]
[Result "1-0"]
[WhiteElo "2801"]
[BlackElo "2624"]
[TimeControl "180+1"]
[EndTime "9:59:36 PDT"]
[Termination "sokidze won on time"]

1. d4 Nf6 2. c4 e6 3. Nc3 d5 4.
cxd5 exd5 5. Bg5 c6 6. e3 Be7 7. Bd3 Nbd7 8. Nge2 h6 9. Bh4 Nh5 10. Bxe7 Qxe7 11. O-O O-O 12. Qc2 Nb6 13. Rae1 Re8 14. Nc1 Qg5 15. Nb3 a5 16. a3 Nd7 17. Kh1 Ndf6 18. f3 Nd7 19. Qf2 Qd8 20. e4 Nf4 21.
Bb1 Qb6 22. Nc5 Nxc5 23. dxc5 Qd8 24. Qd2 d4 25. Qxf4 dxc3 26. bxc3 Be6 27. Rd1 Qe7 28. Qd6 Qf6 29. e5 Qf4 30. Qd4 Qxd4 31. Rxd4 Bd5 32. c4 Be6 33. f4 g6 34. Rfd1 Kg7 35. g3 a4 36. Bd3 Ra5 37. Rb1 Re7 38. Rb4 h5 39.
Kg2 Rxc5 40. Rxa4 b5 41. Rb4 bxc4 42. Bxc4 Ra7 43. Bxe6 fxe6 44. a4 Rc2+ 45. Kh3 c5 46.
Rdc4 cxb4 47. Rxc2 Rxa4 48. Rc7+ Kh6 49. Rb7 Ra6 50.
Kh4 Rc6 51. Rxb4 Rc2 52. h3 Rc7 53. Rb5 Kg7 54. Rb6 Kf7 55. g4 hxg4 56. hxg4 Re7 57. Kg5 Kg7 58. Rb8 Kf7 59. Rh8 Kg7 60. Rh6 Re8 61. Rxg6+ Kf7 62. Rf6+ Kg7 63. Rh6 Re7 64. Rh2 Re8 65. Ra2 Re7 66. Ra8 Kf7 67. Rb8 Kg7 68. Kh4 Kf7 69. Rb6 Kg7 70. Kg3 Kf7 71. Kf3 Ra7 72. Rb3 Rc7 73. Re3 Ra7 74. Rd3 Rc7 75. Ke4 Rc4+ 76. Rd4 Rc7 77. f5 Ra7 78. Kf4 Rb7 79.
Kg5 Ra7 80. Rd6 exf5 81. gxf5 Ra1 82. Rd7+ Ke8 83. e6 Ra8 84. Kf6 Ra1 85. Rh7 1-0

[Event "Early-Titled-Tuesday-Blitz-May-14-2024"]
[Site "Chess.com"]
[Date "2024.05.14"]
[Round "10"]
[White "Andrei_Skvortsov"]
[Black "alexrustemov"]
[Result "0-1"]
[WhiteElo "2758"]
[BlackElo "2926"]
[TimeControl "180+1"]
[EndTime "9:59:37 PDT"]
[Termination "alexrustemov won by resignation"]

1. c4 c5 2. Nf3 g6 3. d4 Bg7 4. Nc3 cxd4 5. Nxd4 Nc6 6. Nc2 Bxc3+ 7. bxc3 d6 8. e4 Nf6 9. f3 Qa5 10. Bd2 Be6 11. Ne3 O-O 12. Nd5 Rfc8 13. Qb3 b6 14. Be2 Bxd5 15. cxd5 Ne5 16. c4 Qc5 17. Be3 Qc7 18.
O-O Qd8 19. f4 Ned7 20. Bf3 Rc7 21. Bd4 Rac8 22. e5 Rxc4 23. Bb2 Ne8 24. Qe3 Rc2 25. Bd4 Nc5 26. Bd1 Rc4 27. Be2 Rc2 28. Bd1 Rc4 29. Be2 dxe5 30. Qxe5 f6 31. Qe3 Rc2 32. Bg4 Rc7 33. Rad1 Qxd5 34. Bf3 Qc4 35. Be5 Kf8 36. Bxc7 Nxc7 37. Rde1 N5e6 38. f5 gxf5 39. Qh6+ Kg8 40. Qh5 Ng7 41. Qh6 Qf7 42. a3 Nce8 43. Rc1 Rxc1 44. Qxc1 e5 45. Bc6 h5 46. Qd2 Kh7 47.
Bd5 Qe7 48. Qd3 Nd6 49. h3 Kg6 50. Qg3+ Kh6 51. Qh4 e4 52. Qf4+ Kg6 53. Rc1 Qe5 54. Qxe5 fxe5 55. Rc7 a5 56. Rd7 Nge8 57. Ra7 e3 58.
Kf1 f4 59. Ra6 b5 60. Rxa5 Kf5 61. a4 bxa4 62. Rxa4 e4 63. Ra5 Kf6 64. Ra8 Nc7 65. Rd8 Ke5 66. Bg8 Ncb5 67. Ke1 Kd4 68. Rf8 Ke5 69. Bh7 Nd4 70. Rg8 f3 71. gxf3 exf3 72. Rf8 N6f5 73. Bxf5 Nxf5 74. Re8+ Kf4 75. Rf8 h4 76. Rf7 Ke4 77. Rf8 Ng3 78. Re8+ Kd4 79. Rd8+ Kc5 80. Rc8+ Kd6 81. Rf8 f2+ 82. Kd1 e2+ 0-1

[Event "Early-Titled-Tuesday-Blitz-May-14-2024"]
[Site "Chess.com"]
[Date "2024.05.14"]
[Round "10"]
[White "Der_Balak_3Halak"]
[Black "stamatolog13"]
[Result "1-0"]
[WhiteElo "2409"]
[BlackElo "2550"]
[TimeControl "180+1"]
[EndTime "9:59:38 PDT"]
[Termination "Der_Balak_3Halak won on time"]

1. e4 e6 2. d4 d5 3. exd5 exd5 4. Bd3 c5 5. dxc5 Bxc5 6. Qe2+ Ne7 7. Nf3 O-O 8. O-O Nbc6 9. c3 Re8 10. Re1 Bf5 11.
Bg5 f6 12. Be3 Bxe3 13. Qxe3 Qd7 14. Nbd2 Bxd3 15. Qxd3 Ng6 16. c4 Nf4 17. Qf1 d4 18. g3 Nh3+ 19. Kg2 Ng5 20. Qd3 Ne5 21. Qxd4 Qxd4 22.
Nxd4 Rad8 23. N2f3 Ngxf3 24. Nxf3 Nxc4 25. b3 Nb6 26. Rxe8+ Rxe8 27. Re1 Rxe1 28. Nxe1 Kf7 29. Kf3 Ke6 30. Ke4 Nd5 31. Kd4 b6 32. Nd3 g5 33.
f4 g4 34. Nf2 h5 35. Nd1 Ne7 36. Ne3 Kd6 37. a4 Ke6 38. b4 a5 39. b5 Nc8 40. f5+ Kf7 41. Nd5 Nd6 42. Nxb6 Nxf5+ 43. Ke4 Nd6+ 44. Kd5 Nf5 45. Nc4 Ke7 46. Kc6 Nd4+ 47. Kc7 Ne6+ 48. Kc8 Nc5 49. b6 f5 50. b7 Nxb7 51.
Kxb7 Ke6 52. Kc6 f4 53. gxf4 Kf5 54. Nxa5 h4 55. Nc4 Kxf4 56. Nb2 Ke3 57. Nd1+ Ke2 58. Nc3+ Kf3 59. a5 g3 60. hxg3 h3 61. a6 h2 62.
a7 h1=Q 63. a8=Q Kxg3+ 64. Nd5 Qc1+ 65. Kd6 Qh6+ 66. Kd7 Qg7+ 67. Ne7 Qd4+ 68. Ke6 Qc4+ 69. Nd5 Qe4+ 70. Kd6 Qg6+ 71. Kc5 Qc2+ 72. Kd4 Qd2+ 73. Ke4 Qe1+ 74. Kf5 Qf2+ 75. Ke6 1-0

[Event "Early-Titled-Tuesday-Blitz-May-14-2024"]
[Site "Chess.com"]
[Date "2024.05.14"]
[Round "10"]
[White "Antosha_Chekhonte"]
[Black "vasblesk"]
[Result "1/2-1/2"]
[WhiteElo "2610"]
[BlackElo "2798"]
[TimeControl "180+1"]
[EndTime "9:59:41 PDT"]
[Termination "Game drawn by repetition"]

1. e4 e5 2. Nf3 Nc6 3. Nc3 Nf6 4. d4 exd4 5. Nxd4 Bb4 6. Nxc6 bxc6 7. Bd3 d5 8. exd5 O-O 9. O-O cxd5 10. h3 c6 11.
Qf3 Rb8 12. Bf4 Bd6 13. b3 Rb4 14. Ne2 Bxf4 15. Nxf4 Qd6 16. c4 d4 17. Rfe1 c5 18.
Qg3 h6 19. Nh5 Qxg3 20. Nxf6+ gxf6 21. fxg3 Be6 22. Rf1 Kg7 23. Rf4 a5 24. Raf1 a4 25.
Bc2 axb3 26. axb3 d3 27. Bd1 f5 28. Kf2 Rd8 29. Ke3 Rb6 30. R1f2 Rbd6 31. Rd2 Kf6 32. Rf1 Ke5 33. Bf3 Rd4 34. Rfd1 Rg8 35. Rxd3 Rxd3+ 36. Rxd3 Rxg3 37. Rd8 f4+ 38. Kf2 Rg6 39. Rb8 Kd4 40. Rb5 Rg5 41. h4 Re5 42. Rb6 Re3 43. Rb8 Rc3 44. Rb6 Rc2+ 45. Kg1 Rc1+ 46. Kh2 Rc3 47. Rd6+ Ke5 48. Rc6 Rxb3 49. Rxc5+ Kd4 50. Rh5 Bxc4 51. Rxh6 Ke5 52. Rh8 Kf6 53. h5 Be6 54.
Rd8 Kg5 55. Rd4 Rb8 56. Re4 Rh8 57. Re5+ Kf6 58. Re4 Kf5 59. Rb4 Kg5 60. Rb5+ Kf6 61. Rb4 Ke5 62. Rb5+ Kf6 63. Rb4 Kg5 64. Rb5+ f5 65. Rb6 Bf7 66. Rb7 Bxh5 67. Bxh5 Kxh5 68. Kg1 Rc8 69. Rg7 Kh6 70. Rf7 Kg6 71. Ra7 Rc2 72. Ra8 f3 73. Rg8+ Kf7 74. Rg3 fxg2 75. Rxg2 Rc1+ 76.
Kh2 Kf6 77. Ra2 f4 78. Ra5 Re1 79. Kg2 Re3 80. Kf2 Re5 81. Rxe5 Kxe5 82. Kf3 Kf5 83. Kf2 Ke4 84. Ke2 f3+ 85. Kf2 Kf4 86. Kf1 Ke3 87.
Ke1 Ke4 88. Kf2 Kf4 89. Kf1 Kg3 90. Kg1 Kg4 91. Kf2 Kf4 1/2-1/2

[Event "Early-Titled-Tuesday-Blitz-May-14-2024"]
[Site "Chess.com"]
[Date "2024.05.14"]
[Round "10"]
[White "TheAlienParty"]
[Black "LamaChampetre"]
[Result "1-0"]
[WhiteElo "2426"]
[BlackElo "2216"]
[TimeControl "180+1"]
[EndTime "9:59:45 PDT"]
[Termination "TheAlienParty won by resignation"]

1. c4 g6 2. d4 Nf6 3. Nc3 d5 4.
cxd5 Nxd5 5. g3 Bg7 6. Bg2 Nb6 7. Nf3 Nc6 8. e3 Bg4 9. h3 Bxf3 10. Bxf3 e5 11.
d5 Ne7 12. O-O O-O 13. Bg2 f5 14. Qb3 Rf7 15. Rd1 e4 16. a4 Bxc3 17. bxc3 a5 18. c4 Nd7 19. Bb2 Nc8 20. Qc3 Qf6 21. Qb3 Qb6 22. Qc3 Qf6 23. Qc2 Qd6 24. Ba3 Nc5 25.
Rab1 b6 26. Rb5 Na7 27. Bxc5 bxc5 28. Rxa5 Qb6 29. Qd2 Rb8 30. Kh2 Rf6 31. f3 exf3 32.
Bxf3 Rd6 33. Kg2 Rb7 34. g4 Rf6 35. g5 Rf8 36. Qc3 Qd6 37. h4 Re8 38. Rd2 Nc8 39.
Ra8 Ra7 40. Rxa7 Nxa7 41. Re2 Nc8 42. e4 Qf4 43. exf5 Rxe2+ 44. Bxe2 Qxh4 45. Kf1 Qf4+ 46. Ke1 Qxg5 47. fxg6 hxg6 48. Qa5 Qg1+ 49. Kd2 Qd4+ 50. Kc2 Nb6 51. Qb5 Qe3 52. Bd3 Qf2+ 53. Kb3 Qg1 54. Qe8+ Kg7 55. Qe7+ Kh6 56. a5 Qd1+ 57. Bc2 Qd2 58. Qh4+ Kg7 59. Qe7+ Kh6 60. axb6 Qb4+ 61. Ka2 cxb6 62. Qe3+ Kg7 63. Qd3 Qa5+ 64. Kb1 Qe1+ 65.
Kb2 Qb4+ 66. Kc1 Qe1+ 67. Bd1 Qb4 68. Qe4 Qc3+ 69. Bc2 Qa1+ 70. Kd2 Qa5+ 71. Ke2 Qc3 72. Qxg6+ Kf8 73. Qf5+ Ke7 74. Qe6+ Kf8 75. Bd3 Qb2+ 76. Kf3 Qd4 77. Qf5+ Ke7 78. Qe6+ Kf8 79. Qe4 Qc3 80. d6 Qc1 81. d7 Qh1+ 82. Kf4 Qh4+ 83. Ke5 Qe7+ 84. Kf4 Qxd7 85. Qf5+ Qxf5+ 86. Kxf5 Ke7 87. Ke5 Kd7 88. Kd5 Kc7 89. Bc2 Kb7 90. Ba4 Ka6 91.
Bb5+ Ka5 92. Kc6 Kb4 93. Kxb6 Kc3 94. Kxc5 1-0

[Event "Early-Titled-Tuesday-Blitz-May-14-2024"]
[Site "Chess.com"]
[Date "2024.05.14"]
[Round "10"]
[White "Kors67"]
[Black "BelyakovBogdan"]
[Result "1/2-1/2"]
[WhiteElo "2306"]
[BlackElo "2598"]
[TimeControl "180+1"]
[EndTime "9:59:48 PDT"]
[Termination "Game drawn - insufficient material"]

1. e4 e5 2. Nf3 Nc6 3. Bc4 Bc5 4. c3 Nf6 5. d4 exd4 6. cxd4 Bb4+ 7. Bd2 Bxd2+ 8.
Nbxd2 d5 9. exd5 Nxd5 10. O-O O-O 11. Ne5 Nxd4 12. Ne4 c5 13. Nxc5 Nf6 14. Nb3 Ne6 15. Qf3 Qc7 16. Rfe1 Ng5 17. Qc3 Be6 18. Bxe6 Nxe6 19.
Qxc7 Nxc7 20. Rac1 Ncd5 21. Nc5 b6 22. Na6 Rac8 23.
Nc6 g6 24. Nab4 Nxb4 25. Ne7+ Kg7 26. Rxc8 Nd3 27. Re2 a5 28. Rxf8 Kxf8 29. Nc8 b5 30.
Rd2 Nc1 31. b3 Ne4 32. Rc2 Nd3 33. f3 Nb4 34. Rc7 Nd5 35. Ra7 Nec3 36. Nd6 Nxa2 37.
Rxf7+ Kg8 38. Ra7 a4 39. bxa4 bxa4 40. Rxa4 Nac3 41. Ra7 Ne2+ 42. Kf2 Nef4 43. g3 Nd3+ 44. Ke2 Ne5 45. Ra5 Nc3+ 46. Kd2 Nb1+ 47. Kc2 Nxf3 48.
Kxb1 Nxh2 49. Ne4 h6 50. Kc2 Kf7 51. Kd3 Ke6 52. Kd4 Ng4 53. Ra6+ Kf5 54. Ra8 g5 55. Rf8+ Kg6 56. Nd6 Nf6 57. Ke3 h5 58. Rd8 Nd5+ 59.
Kf3 Ne7 60. Ne4 Nf5 61. Ra8 Nd4+ 62. Kf2 Ne6 63. Ra6 Kf5 64. Nd6+ Ke5 65. Nc4+ Kf5 66.
Ne3+ Ke5 67. g4 hxg4 68. Nxg4+ Kf5 69. Nh6+ Ke5 70. Ke3 Nf4 71. Ng4+ Kf5 72. Nh6+ Ke5 73. Kf3 Nd3 74. Kg4 Nf2+ 75. Kxg5 Ne4+ 76. Kg6 Nc5 77. Ra5 Kd4 78. Nf5+ Kc4 79. Ra8 Nd3 80. Rc8+ Kd5 81.
Ng3 Ne5+ 82. Kf5 Nc6 83. Rc7 Kd6 84. Rh7 Ne7+ 85. Kf4 Nd5+ 86. Ke4 Nf6+ 87. Kf5 Nxh7 1/2-1/2

[Event "Early-Titled-Tuesday-Blitz-May-14-2024"]
[Site "Chess.com"]
[Date "2024.05.14"]
[Round "10"]
[White "FREDERICKtheMATE"]
[Black "FaustinoOro"]
[Result "0-1"]
[WhiteElo "2675"]
[BlackElo "2932"]
[TimeControl "180+1"]
[EndTime "9:59:52 PDT"]
[Termination "FaustinoOro won by checkmate"]

1. d4 Nf6 2. c4 e6 3. Nf3 d5 4.
Nc3 dxc4 5. e4 b5 6. e5 Nd5 7. Nxb5 Nb6 8. Be2 Nc6 9. O-O Be7 10. Be3 O-O 11. Qc1 Bb7 12. Nc3 Nb4 13. Rd1 N4d5 14.
Nxd5 Bxd5 15. Nd2 Qd7 16. Nxc4 Rfc8 17. Na5 Qa4 18. Nb3 Bxb3 19. axb3 Qxb3 20. Ba6 Rd8 21. Qxc7 Nd5 22. Qb7 Qxb7 23. Bxb7 Nxe3 24. fxe3 Rab8 25. Bf3 Bg5 26. Rd3 Rd7 27. b3 g6 28. Kf2 Rc7 29.
Bd1 Kg7 30. g3 h5 31. h4 Be7 32. Ke2 Bb4 33. Ra2 a5 34. Rc2 Rbc8 35. Rxc7 Rxc7 36.
e4 Bc3 37. Ke3 Bb2 38. g4 hxg4 39. Bxg4 Rb7 40. h5 gxh5 41. Bxh5 Rb4 42. d5 Bxe5 43. dxe6 fxe6 44. Be8 Kf6 45. Ba4 Rb8 46. Rd7 Rh8 47. Ra7 Rh3+ 48. Ke2 Bc3 49. Ra6 Ke5 50. Rc6 Bb4 51. Ra6 Rh2+ 52. Kd3 Rd2+ 53. Ke3 Rd1 54. Ke2 Rd4 55. Kf3 Rd3+ 56. Ke2 Rd8 57.
Kf3 Bc3 58. Ke3 Bb4 59. Kf3 Rf8+ 60. Ke2 Rh8 61. Kf3 Rh3+ 62. Ke2 Rh6 63. Kd3 Rf6 64. Ke3 Bc5+ 65. Kd3 Rf3+ 66. Ke2 Re3+ 67. Kd2 Rxe4 68. Rxa5 Kd4 69. Rb5 Rh4 70. Rb8 Rh2+ 71. Kd1 e5 72. Rd8+ Ke3 73. Bb5 Bd4 74. Bc4 Rd2+ 75. Kc1 Bb2+ 76.
Kb1 Rxd8 77. Kxb2 Kd2 78. b4 e4 79. b5 e3 80. Kb3 Rd4 81. Bf1 e2 82. Bxe2 Kxe2 83. Kc3 Ke3 84. b6 Rd6 85. b7 Rb6 86. b8=Q Rxb8 87. Kc4 Rd8 88. Kc5 Rd4 89. Kb5 Kd3 90.
Kc6 Kc4 91. Kb7 Kc5 92. Kc7 Rd6 93. Kb7 Rc6 94. Ka7 Rc7+ 95. Kb8 Kb6 96. Ka8 Rc8# 0-1

[Event "Early-Titled-Tuesday-Blitz-May-14-2024"]
[Site "Chess.com"]
[Date "2024.05.14"]
[Round "10"]
[White "Adar_07"]
[Black "Lucky_Puncher"]
[Result "1-0"]
[WhiteElo "2725"]
[BlackElo "2564"]
[TimeControl "180+1"]
[EndTime "9:59:56 PDT"]
[Termination "Adar_07 won by resignation"]

1. e4 c5 2. Nf3 d6 3. d4 cxd4 4. Nxd4 a6 5. Bc4 e6 6. Nc3 b5 7. Bb3 Nf6 8. Bg5 Be7 9. f3 O-O 10. Qd2 Bd7 11. O-O-O Nc6 12. Nxc6 Bxc6 13. Bxf6 Bxf6 14.
Qxd6 Qb6 15. Qd2 Rfd8 16. Qe2 Bxc3 17. bxc3 a5 18. Rxd8+ Rxd8 19. a3 Qc5 20. Kb2 g6 21. Rd1 Rxd1 22. Qxd1 a4 23. Ba2 Qe7 24. Qd4 h5 25. g3 Qc7 26. f4 Qe7 27. e5 Kg7 28. Qb6 Qd7 29. Qd4 Qe7 30. c4 b4 31. c5 bxa3+ 32. Kxa3 Qb7 33. c3 Qb5 34. Qc4 Qb7 35.
Qb4 Qd7 36. Qd4 Qb7 37. Qd6 Qb5 38. c4 Qa5 39. Qxc6 Qc3+ 40. Kxa4 Qa1 41. Qg2 Qd4 42.
Kb5 h4 43. c6 Qa7 44. Bb3 Qb8+ 45. Ka4 Qa7+ 46. Kb4 Qb6+ 47. Ka3 h3 48. Qf3 Qc5+ 49. Ka2 Qa5+ 50. Kb1 Qb6 51. Kc2 Qc5 52. Qe2 Qxc6 53. Kd2 Qb6 54. Bc2 Qd4+ 55. Bd3 Qg1 56. Kc3 Qa1+ 57.
Qb2 Qe1+ 58. Kb3 Qa5 59. Qf2 Qd8 60. Kc2 Qa8 61. Kd2 Qa1 62. Ke3 Qc3 63. Qd2 Qa1 64. Kf3 g5 65. Kg4 gxf4 66. Qxf4 Qa7 67. Kxh3 Qg1 68. Qf6+ Kg8 69. Be4 Qd4 70. Qh4 Qxe5 71.
Qf4 Qh5+ 72. Qh4 Qe5 73. Qg4+ Kf8 74. Bf3 Qh8+ 75. Qh4 Qe5 76. Qe4 Qh8+ 77. Kg2 Qb2+ 78. Qe2 Qc3 79. h4 Kg7 80. h5 Kh6 81. Qe4 Kg7 82.
Qg4+ Kh6 83. Qf4+ Kg7 84. h6+ Kh8 85. Qxf7 Qb2+ 86. Kh3 Qe5 87. Qf8+ Kh7 88. Qg7+ Qxg7 89. hxg7 Kxg7 90. c5 1-0